Cogmind - Beta 16 @@@ ROGUE MODE // 2025.10.30 @ 20:31:47 Player: 0631 Result: Destroyed by S-10 Pest with Light Assault Rifle Performance ------------- Evolutions (1) 500 Regions Visited (2) 400 Robots Destroyed (23) 115 Value Destroyed (556) 556 Prototype IDs (0) 0 Alien Tech Used (0) 0 Bonus (-18) -18 TOTAL SCORE: 1553 Bonus ------- Friendly Fire -18 Cogmind --------- Core Integrity 0/400 Matter 300/300 Energy 235/250 System Corruption 0% Temperature Cool (6) Movement Walking (120) Location -9/Materials Parts ------- > --- POWER (2) -------- Ion Engine > --- PROPULSION (3) --- Aluminum Leg Aluminum Leg > --- UTILITY (2) ------ Heat Sink Medium Storage Unit > --- WEAPON (2) ------- Particle Cannon > --- INVENTORY (10) --- Light Ion Engine Wheel Improved Flight Unit Heat Sink Weight Redist. System Shield Generator EM Pulse Gun Small Laser Particle Gun Peak State ------------ > --- POWER ------------ Ion Engine > --- PROPULSION ------- Wheel Wheel > --- UTILITY ---------- Medium Storage Unit Small Matter Pod > --- WEAPON ----------- Particle Cannon Light Assault Rifle > --- INVENTORY -------- Light Ion Engine Aluminum Leg Heat Sink Heat Sink Weight Redist. System EM Pulse Gun Particle Cannon Light Assault Rifle Grenade Launcher [Rating: 9] Favorites ----------- Power Light Ion Engine Engine Light Ion Engine Propulsion Wheel Treads Light Treads Leg Aluminum Leg Wheel Wheel Utility Medium Storage Unit Device Heat Sink Storage Medium Storage Unit Weapon Light Assault Rifle Energy Gun EM Pulse Gun Energy Cannon Particle Cannon Ballistic Gun Light Assault Rifle Launcher Grenade Launcher Build | -11 -10 -9 ------- Run | Yrd Mat Mat Slots Evolved 2 | . . 2 Power 1 | . . 1 Propulsion 1 | . . 1 Utility . | . . . Weapon . | . . . Parts Attached 21 | 5 6 10 Power 5 | 1 1 3 Engine 5 | 1 1 3 Core . | . . . Reactor . | . . . Propulsion 5 | 2 . 3 Treads 1 | . . 1 Leg 2 | . . 2 Wheel 2 | 2 . . Hover . | . . . Flight . | . . . Utility 4 | 1 2 1 Device 1 | . . 1 Storage 3 | 1 2 . Processor . | . . . Hackware . | . . . Protection . | . . . Artifact . | . . . Weapon 7 | 1 3 3 Energy Gun 1 | . 1 . Energy Cannon 2 | . 1 1 Ballistic Gun 3 | 1 1 1 Ballistic Cannon . | . . . Launcher 1 | . . 1 Special Weapon . | . . . Impact Weapon . | . . . Slashing Weapon . | . . . Piercing Weapon . | . . . Special Melee Weapon . | . . . Unidentified Prototypes . | . . . Parts Lost 11 | . . 11 Power 3 | . . 3 Propulsion 3 | . . 3 Utility 1 | . . 1 Weapon 4 | . . 4 Highest Loss Streak 7 | . . 7 To Critical Strikes . | . . . Average Backups 7 | 2 6 7 Power . | . 1 . Propulsion 1 | 1 1 1 Utility 2 | . 1 3 Weapon 2 | 1 1 2 Tool/Special . | . . . Unused Backups 10 | . 1 9 Power 1 | . . 1 Propulsion 3 | . 1 2 Utility 4 | . . 4 Weapon 2 | . . 2 Tool/Special . | . . . Average Slot Usage (%) 73 | . 94 64 Engine 14 | . 14 14 Treads 2 | . . 4 Leg 4 | . . 6 Wheel 10 | . 28 2 Device 4 | . . 5 Storage 16 | . 24 12 Energy Cannon 8 | . 3 10 Ballistic Gun 11 | . 21 7 Peak Build Rating 9 | 5 9 9 Average Rating 7 | 4 7 7 On Entrance 4 | . 5 9 Avg Prop Armor Cover (%) . | . . . Naked Turns . | . . . Heaviest Build 23 | 9 21 23 Greatest Support 20 | 20 20 20 Greatest Overweight (x) 6 | . 1 6 Average Overweight (x) . | . . . Largest Inventory Capacity 10 | 8 10 10 Average Capacity 9 | 6 8 10 Most Carried 10 | 5 9 10 Average Carried 7 | 3 6 7 Final Capacity 10 | 8 10 10 Final Carried 9 | 5 9 9 Class Distribution -------------------- 89% | Mutant 10% | Scavenger-Mutant Dominant Class ---------------- Mutant | -10/Materials Mutant | -9/Materials Resources | -11 -10 -9 ----------- Run | Yrd Mat Mat Matter Collected 450 | 202 82 166 Remotely . | . . . Salvage Created 673 | . 121 552 Parts 56 | . 7 49 Haulers Intercepted . | . . . Recyclers Shooed . | . . . Parts Field Recycled . | . . . Retrieved Matter . | . . . Parts Self-Destructed . | . . . Prevented . | . . . Parts Restored . | . . . Kills | -11 -10 -9 ------- Run | Yrd Mat Mat Combat Hostiles Destroyed 18 | . 3 15 Guns 6 | . 3 3 Cannons 12 | . . 12 Classes Destroyed 6 | . 1 5 Worker 1 | . . 1 Builder 3 | . . 3 Watcher 1 | . . 1 Swarmer 6 | . . 6 Grunt 9 | . 3 6 Sentry 3 | . . 3 Best Kill Streak 7 | . 2 7 Combat Bots Only 4 | . 2 4 Max Kills in Single Turn 2 | . 1 2 Gunslinging . | . . . Exploded . | . . . Melee . | . . . Uniques/NPCs Destroyed . | . . . Combat | -11 -10 -9 -------- Run | Yrd Mat Mat Hostile Shots Fired 192 | . 19 173 Missed 60 | . 6 54 Hits 132 | . 13 119 Projectile 132 | . 13 119 Critical Strikes 2 | . . 2 Damage Taken 1447 | . 146 1301 Core 421 | . 20 401 Absorbed by Shields . | . . . Core Remaining (%) 96 | 100 92 . Volleys Fired 55 | . 15 40 Largest 2 | . 2 2 Hottest 88 | . 88 88 Shots Fired 92 | . 26 66 Gun 49 | . 23 26 Cannon 40 | . 3 37 Launcher 3 | . . 3 Special . | . . . Kinetic 49 | . 23 26 Thermal 40 | . 3 37 Explosive 3 | . . 3 Electromagnetic . | . . . Robot Hit Streak 14 | . 11 14 Robot Miss Streak 5 | . 3 5 Penetration Max . | . . . Secondary Targets . | . . . Shots Hit Robots 54 | . 19 35 Core Hits 34 | . 9 25 Critical Kills . | . . . Critical Parts Destroyed . | . . . Critical Strikes . | . . . Melee Attacks . | . . . Impact . | . . . Slashing . | . . . Piercing . | . . . Sneak Attacks . | . . . Combat Hostiles . | . . . Follow-up Attacks . | . . . Damage Inflicted 867 | . 183 684 Guns 269 | . 159 110 Cannons 471 | . 20 451 Explosions 120 | . . 120 Melee . | . . . Ramming 7 | . 4 3 Kinetic 269 | . 159 110 Thermal 471 | . 20 451 Explosive 120 | . . 120 Electromagnetic . | . . . Impact . | . . . Slashing . | . . . Piercing . | . . . Highest Corruption . | . . . Average Corruption . | . . . Corruption Purged . | . . . Corruption Blocked . | . . . Overload Shots . | . . . Overflow Damage . | . . . Projectiles . | . . . Explosions . | . . . Melee . | . . . Knockbacks . | . . . Impact . | . . . Kinetic . | . . . Secondary . | . . . Self-Inflicted Damage 16 | . 2 14 Shots 3 | . . 3 Rammed 3 | . 1 2 Targets Rammed 4 | . 1 3 Kicked . | . . . Crushed 1 | . . 1 Highest Temperature 136 | . 136 131 Average Temperature 38 | . 45 37 Received Heat Transfer 450 | . 78 372 Siege Activations . | . . . Martial Activations . | . . . Shielding Activations . | . . . Robots Disrupted . | . . . Combat Hostiles . | . . . Robots Corrupted . | . . . Combat Hostiles . | . . . Parts Fried . | . . . Impact Corruptions . | . . . Robots Melted . | . . . Combat Hostiles . | . . . Parts Melted 1 | . . 1 Heat Transferred 851 | . 37 814 Parts Sabotaged . | . . . Parts Stolen . | . . . Parts Stripped . | . . . Power Chain Reactions . | . . . Alert | -11 -10 -9 ------- Run | Yrd Mat Mat Maximum Alert Level 1 | . . 1 Low Security (%) 95 | 100 100 92 Level 1 4 | . . 7 Level 2 . | . . . Level 3 . | . . . Level 4 . | . . . Level 5 . | . . . High Security . | . . . Max Security . | . . . Peak Influence 217 | . 80 217 Initial 18 | . . 18 Average 96 | . 38 135 Influence Increases 565 | . 125 440 Destroy 0b10 Robot/C 360 | . 60 300 Destroy 0b10 Robot/NC 25 | . . 25 Destroy Leader 92 | . 20 72 Disable Machine 15 | . . 15 Destroy Structure 13 | . . 13 Lose Combat Pursuer 60 | . 45 15 Influence Decreases 415 | . 80 335 Entered New Map 27 | . . 27 Time Decay 300 | . 80 220 Lost Part 88 | . . 88 Squads Dispatched 5 | . 2 3 Investigation . | . . . Extermination . | . . . Reinforcement 5 | . 2 3 Assault . | . . . Garrison . | . . . Intercept . | . . . Searches Triggered . | . . . Construction Impeded 1 | . . 1 Haulers Reinforced . | . . . Active Scanning Responses . | . . . Cargo Convoy Interrupts . | . . . Stealth | -11 -10 -9 --------- Run | Yrd Mat Mat Distress Signals 4 | . 1 3 Communications Jammed . | . . . Distress Signals . | . . . Times Spotted 38 | . 9 29 Peak Tracking Total 11 | . 3 11 Tactical Retreats 3 | . 2 1 Traps | -11 -10 -9 ------- Run | Yrd Mat Mat Traps Triggered . | . . . Indirectly . | . . . Trap Hack Attempts . | . . . Triggered . | . . . Disarmed . | . . . Reprogrammed . | . . . Reused . | . . . Traps Extracted . | . . . Installed . | . . . Triggered . | . . . Machines | -11 -10 -9 ---------- Run | Yrd Mat Mat Machines Disabled 1 | . . 1 Max in Single Turn 1 | . . 1 Machines Repaired . | . . . Machines Dismantled . | . . . Machines Sabotaged . | . . . Overloaded Fab Kills . | . . . Hacking | -11 -10 -9 --------- Run | Yrd Mat Mat Machines Accessed 2 | . 2 . Terminals 1 | . 1 . Fabricators . | . . . Repair Stations . | . . . Recycling Units 1 | . 1 . Scanalyzers . | . . . Garrison Access . | . . . Total Hacks 5 | . 5 . Successful 3 | . 3 . Failed 2 | . 2 . Catastrophic 1 | . 1 . Database Lockouts . | . . . Manual . | . . . Terminals 3 | . 3 . Fabricators . | . . . Repair Stations . | . . . Recycling Units 2 | . 2 . Scanalyzers . | . . . Garrison Access . | . . . Terminal Hacks 1 | . 1 . Alert Level 1 | . 1 . Fabricator Hacks . | . . . Repair Station Hacks . | . . . Recycling Unit Hacks 2 | . 2 . Recycle Component 1 | . 1 . Report Inventory 1 | . 1 . Scanalyzer . | . . . Garrison Access Hacks . | . . . Unauthorized Hacks . | . . . Terminals . | . . . Fabricators . | . . . Repair Stations . | . . . Recycling Units . | . . . Scanalyzers . | . . . Garrison Access . | . . . Data Cores Recovered . | . . . Used . | . . . Hacking Detections 1 | . 1 . Full Trace Events . | . . . Feedback Events . | . . . Feedback Blocked . | . . . Robot Schematics Acquired . | . . . Robots Built . | . . . Authchips . | . . . Time . | . . . Total Robot Build Rating . | . . . Part Schematics Acquired . | . . . Parts Built . | . . . Authchips . | . . . Time . | . . . Total Part Build Rating . | . . . Part Studies Acquired . | . . . Parts Repaired . | . . . Time . | . . . Parts Recycled 1 | . 1 . Recycled Matter . | . . . Retrieved Matter . | . . . Retrieved Components . | . . . Parts Scanalyzed . | . . . Part Schematics Acquired . | . . . Parts Damaged . | . . . Bothacking | -11 -10 -9 ------------ Run | Yrd Mat Mat Used RIF Installer . | . . . Robots Hacked . | . . . Non-combat . | . . . Combat . | . . . Robot Hacks Applied . | . . . Relay Couplers Released . | . . . Fabnet Peak Effective % . | . . . Robots Rewired . | . . . Allies Hacked . | . . . Hacks Repelled . | . . . Allies | -11 -10 -9 -------- Run | Yrd Mat Mat Total Allies . | . . . Largest Group . | . . . Highest-Rated Group . | . . . Highest-Rated Ally . | . . . Total Orders . | . . . Ally Attacks . | . . . Total Damage . | . . . Kills . | . . . Allies Corrupted . | . . . Allies Melted . | . . . Intel | -11 -10 -9 ------- Run | Yrd Mat Mat Active Infowar (turns) . | . . . Robot Analysis Total . | . . . Derelict Logs Recovered . | . . . Drone Launches . | . . . Drone Recoveries . | . . . Exploration | -11 -10 -9 ------------- Run | Yrd Mat Mat Turns Passed 781 | 58 228 495 Spaces Moved 428 | 40 182 206 Core 12 | 3 . 9 Treads 84 | . . 84 Legs 72 | . . 72 Wheels 260 | 37 182 41 Hover . | . . . Flight . | . . . Fastest Speed 50 | 50 80 95 Average Speed 127 | 77 81 177 Slowest Speed 350 | 80 95 350 Overloaded Moves . | . . . Propulsion Burnouts . | . . . Robots Hopped . | . . . Potential Cave-ins . | . . . Cave-ins Triggered . | . . . Exploration Rate (%) 21 | 3 30 30 Regions Visited 2 Branch Regions . Pre-discovered Areas . | . . . Known Exits Taken . | . . . Unknown Exits Taken 2 | 1 1 . Scrap Searched . | . . . Spaces Dug . | . . . Terrain Destroyed 15 | . . 15 Melee . | . . . Projectile . | . . . AOE 15 | . . 15 Terrain Rammed . | . . . Walls Destroyed . | . . . Machines Disabled . | . . . Actions | -11 -10 -9 --------- Run | Yrd Mat Mat Total 579 | 66 239 274 Wait 36 | 12 23 1 Move 426 | 39 181 206 Hop . | . . . Pick Up 31 | 10 10 11 Fast Attach . | . . . Attach 19 | 5 3 11 Detach 1 | . . 1 Swap 3 | . 3 . Drop 4 | . 3 1 Fire 55 | . 15 40 Melee . | . . . Ram 1 | . 1 . Kick . | . . . Crush 3 | . . 3 Escape Stasis . | . . . Rewire . | . . . Trap . | . . . Miscellaneous . | . . . Route ------- -11/Scrapyard -10/Materials -9/Materials History --------- Turn | Location | Event 19 | -11/Scrapyard | Discovered new exit (range 16) 59 | -11/Scrapyard | Entered Materials 60 | -10/Materials | Met a group of wandering Federalists 220 | -10/Materials | Discovered new exit (range 5) 287 | -10/Materials | Entered another Materials area 287 | -9/Materials | Evolved 2 slots: Power x1, Propulsion x1 314 | -9/Materials | Build established: Mutant 369 | -9/Materials | Core integrity fell below 50% 392 | -9/Materials | Lost 7 parts (1p2n1u3w) 633 | -9/Materials | Core integrity fell below 20% 782 | -9/Materials | Destroyed by S-10 Pest with Light Assault Rifle Last Messages --------------- R-06 Scavenger collects Sml. Laser. K-01 Serf collects debris. R-06 Scavenger collects Heat Sink. K-01 Serf collects debris. R-06 Scavenger collects Aluminum Leg. K-01 Serf collects debris. Acquired Aluminum Leg. K-01 Serf collects debris. R-06 Scavenger collects Particle Gun. K-01 Serf collects debris. O-16 Technician: "IFF HANDSHAKE FAILED. SECURING TERMINAL." ALERT: Hostiles spotted, dispatching reinforcements to Terminal M003. K-01 Serf cleans the Terminal. Acquired 10 matter. Terminal disabled. K-01 Serf collects debris. K-01 Serf cleans the Nuclear Reactor. Lgt. Ion Engine destroyed. Map ----- +----------------------------------------------------+ | """ #?????????????????????????????????? | | """ #?????????????????????????????????? | | """ #?????????????????????????????????? | | ##### #?????????????????????????????????? | | #?# #?????????????????????????????????? | | #?# """ #######???????????????????????????? | | " #?# """ #??????????????????????????? | | " #?# """ #??????????????????????????? | | " #?# """ #??????????????????????????? | | " #?# """ #??????????????????????????? | | " #?# """ """ #??????????????????????????? | | #?# """ #???????? ##???????????????? | | ###?# """ #??????? ??????????????? | | ????# #?????? ?????????????? | | ##### k #?????? ????????????? | | ####### ????????????? | | "" ???????????? | | % "T ???????????? | | ##### " ??????????? | | #???# ??????????? | | #???# ??????????? | | #???#########+##### ?????????? | | #?????????? ??# ?????????? | | #???????? # w ????????? | | #???????# [ # ????????? | | #???????# # @ ????????? | | #???????# # ????????? | | #???????# [ # ????????? | | #???????# # ss k ?????????? | | #???????# #ss ################ ?????????? | | ????????########### #??????????????????????????? | | ??????????????????# #??????????????????????????? | | ??????????????????# #??????????????????????????? | | ??????????????????# #??????????????????????????? | | ??????????????????# #??????????????????????????? | | ??????????????????# ???????????????????????????? | | ??????????????????# ???????????????????????????? | | ??????????????????? ????????????????????????????? | | ?????????????????????????????????????????????????? | | ?????????????????????????????????????????????????? | | ?????????????????????????????????????????????????? | | ?????????????????????????????????????????????????? | | ?????????????????????????????????????????????????? | | ?????????????????????????????????????????????????? | | ?????????????????????????????????????????????????? | | ?????????????????????????????????????????????????? | | ?????????????????????????????????????????????????? | | ?????????????????????????????????????????????????? | | ?????????????????????????????????????????????????? | | ?????????????????????????????????????????????????? | +----------------------------------------------------+ Best States ------------- Heat Dissipation 38 Energy Generation 15 Energy Capacity 275 Matter Stores 300 Matter Capacity 350 Sight Range 16 Terrain Scan Density 10 Evasion (%) 44 Recoil Reduction 1 Item Schematics ----------------- None Robot Schematics ------------------ None Fabricated ------------ Nothing Repaired ---------- Nothing Studied --------- None Alien Tech Used ----------------- None Achievements -------------- None Challenges ------------ None Game ------ Seed PhasingSkeletonMatter Manual? 0 Play Time 00:24:30 Cumulative 6.0 hours Start 2025.10.30 @ 19:26:15 End 2025.10.30 @ 20:31:47 Sessions 2 Manual Loads 0 Difficulty Rogue Special Mode None Game No. 9 Rogue 9 Adventurer 0 Explorer 0 Win Type - Total 0 Types 0/0/0/0/0/0/0/0/0/0 Lore% 6 Gallery% 5 Achievement% 7 Wizard Run 0 Options --------- Layout 1 ASCII 0 Keyboard 1 Movement Numpad Keybinds 0 Fullscreen 1 Font 24/Smallcaps Map View 50x40 Zoom Use 0% Tactical HUD 0 Map Filters NONE Filters NONE Steam 1 RUN: 1b8e19b2-bf33-44de-95ca-41063669d20a